 Dungeon Crawl Stone Soup version 0.31.0-11-ge490571c62 (webtiles) character file.

Game seed: 7823631221435403746

46 qw the Shooter (level 3, 0/18 HPs)
             Began as a Spriggan Hunter on Feb 4, 2024.
             Slain by a gnoll
             ... wielding a +0 whip
              (6 damage)
             ... on level 2 of the Dungeon.
             The game lasted 00:00:03 (764 turns).

qw the Shooter (Spriggan Hunter)                     Turns: 764, Time: 00:00:04

Health: 0/18       AC:  2    Str:  7    XL:     3   Next: 44%
Magic:  4/4        EV: 19    Int: 10    God:
Gold:   124        SH:  0    Dex: 20    Spells: 2/2 levels left

rFire   . . .        a - +0 shortbow
rCold   . . .        (shield currently unavailable)
rNeg    . . .        c - +0 robe
rPois   .            (helmet restricted)
rElec   .            (no cloak)
rCorr   .            (gloves unavailable)
SInv    +            (boots unavailable)
Will    .....        (no amulet)
Stlth   ++           (no ring)
HPRegen 0.23/turn    (no ring)
MPRegen 0.09/turn

%: no passive effects
@: very quick
A: very small, no large weapons, unfitting armour, see invisible, speed 3
a: no special abilities


You were on level 2 of the Dungeon.
You visited 1 branch of the dungeon, and saw 2 of its levels.

You collected 124 gold pieces.


Innate Abilities, Weirdness & Mutations

You are very small and have problems with some larger weapons.
You are too small for most types of armour.
You have supernaturally acute eyesight. (SInv)
You cover ground extremely quickly. (Speed+++)


   Skills:
 - Level 1.5 Fighting
 + Level 4.7 Ranged Weapons
 - Level 4.0 Dodging
 - Level 1.5 Stealth


You had 2 spell levels left.
You didn't know any spells.
Your spell library was empty.

Inventory:

Hand Weapons
 a - a +0 shortbow (weapon)
Armour
 c - a +0 robe (worn)
Scrolls
 b - a scroll of enchant weapon {unknown}
 e - a scroll of identify {unknown}
Potions
 d - a potion of might {unknown}
 f - a potion of curing {unknown}
 g - a potion of heal wounds {unknown}

Dungeon Overview and Level Annotations

Branches:
Dungeon (2/15)

Altars:
Fedhas


Message History

You hear a shout!
A gnoll comes into view. It is wielding a +0 whip.
You shoot an arrow. The arrow hits the gnoll.
The gnoll is severely wounded.
A gnoll comes into view. It is wielding a +0 whip.
Enter note:
Enter note:
Enter note:
Enter note:
Enter note:
Enter note:
754 ||| RETREEEEATING.
You shoot an arrow. The arrow hits the gnoll.
The gnoll is almost dead.
You shoot an arrow. The arrow barely misses the gnoll.
Enter note:
Enter note:
Enter note:
757 ||| RETREEEEATING.
You shoot an arrow. The arrow hits the gnoll!
You kill the gnoll!
You shoot an arrow. The arrow hits the gnoll.
The gnoll is heavily wounded.
Enter note:
Enter note:
Enter note: You shoot an arrow.
The arrow hits the gnoll but does no damage.
The gnoll is heavily wounded.
The gnoll hits you with a +0 whip.
You shoot an arrow.
The arrow hits the gnoll but does no damage.
The gnoll is heavily wounded.
The gnoll hits you from afar with a +0 spear!
The gnoll completely misses you.
You shoot an arrow.
The arrow hits the gnoll but does no damage.
The gnoll is heavily wounded.
The gnoll hits you with a +0 whip.
You die...

..###........... ... #
#..##.#...# .... ...##
........### .#....
#......... ..##...
#..._..gg###.####.#.
#...................
.####...g...............
.......g###).###......#.
.......@g.............#.
.####...####.#####....#.
##### #..## #......
##..#####....
##.......### #.....###
#.....# #######


You could see 3 gnolls.

Vanquished Creatures
  A gnoll (D:2)
  2 dart slugs (D:1)
  A ribbon worm (D:2)
  2 endoplasms (D:1)
  4 goblins (D:1)
  2 hobgoblins (D:2)
  3 ball pythons (D:1)
  4 bats (D:1)
  3 frilled lizards (D:1)
  2 kobolds (D:1)
  7 rats
31 creatures vanquished.

Notes
Turn   | Place    | Note
-------+----------+-------------------------------------------
     0 | D:1      | qw the Spriggan Hunter began the quest for the Orb.
     0 | D:1      | Reached XP level 1. HP: 10/10 MP: 2/2
     0 | D:1      | 0 ||| qw: Version: 0.3-a-160-g6735b56
     0 | D:1      | 0 ||| qw: Game counter: 5132
     0 | D:1      | 0 ||| qw: Melee chars always use a shield: true
     0 | D:1      | 0 ||| qw: God list: Okawaru
     0 | D:1      | 0 ||| qw: Allow faded altars: false
     0 | D:1      | 0 ||| qw: Do Orc after clearing Dungeon:15 true
     0 | D:1      | 0 ||| qw: Do second Lair branch before Depths: true
     0 | D:1      | 0 ||| qw: Lair rune preference: random
     0 | D:1      | 0 ||| qw: Goals: Normal
     0 | D:1      | 0 ||| PLANNING D:1-11
    48 | D:1      | Reached skill level 3 in Dodging
   155 | D:1      | Reached XP level 2. HP: 13/14 MP: 3/3
   207 | D:1      | Found Migh's Book Boutique.
   355 | D:1      | Found a faded altar of an unknown god.
   468 | D:1      | Reached XP level 3. HP: 18/18 MP: 4/4
   518 | D:1      | 518 ||| READING 2 scrolls labelled JUCZOSKAR.
   519 | D:1      | 519 ||| READING scroll labelled CAMOGG KYNYA.
   520 | D:1      | 520 ||| DROPPING scroll of butterflies.
   521 | D:1      | 521 ||| DROPPING scroll of blinking.
   743 | D:2      | Found a blossoming altar of Fedhas.
   754 | D:2      | 754 ||| RETREEEEATING.
   757 | D:2      | 757 ||| RETREEEEATING.
   764 | D:2      | Slain by a gnoll

Levels and vault maps discovered:
D:1:      psy_arrival_dodecagon, layout_rooms, serial_shops,
          nicolae_shop_tiny_glass, basic_ecumenical_altar, hex_tiny,
          chequers_serial_rivers_micro_c, nrook_uturn, grunt_decor_one_mirror,
          minmay_indecisive_spiral
D:2:      layout_rooms, basic_altar, hangedman_decor_push, uniq_terence

Skill      XL: |  1  2 |
---------------+-------+-----
Dodging        | 3 4 |  4.0
Fighting       | |  1.5
Ranged Weapons | |  4.7
Stealth        | |  1.5

Action                     || total
---------------------------++-------
   Fire: Shortbow          ||    86
    Use: Scroll            ||     2
 Armour: Robe              ||    15
  Dodge: Dodged            ||    19

Table legend:
 A = Non-vault XP
 B = Vault XP
 C = Vault XP percentage of total XP
 D = Non-vault monster count
 E = Vault monster count
 F = Vault count percentage of total count
                 A         B        C        D         E       F
            +---------+---------+-------+---------+---------+-------
      Total |      61 |       5 |   7.6 |      27 |       4 |  12.9
            +---------+---------+-------+---------+---------+-------
        D:1 |      37 |       5 |  11.9 |      22 |       4 |  15.4
        D:2 |      24 |       0 |   0.0 |       5 |       0 |   0.0
            +---------+---------+-------+---------+---------+-------
